cohdb
Replays
Latest Replays
All Replays
Popular Replays
Top Player Replays
Match Explorer
How It Works
Community
CoH3 Stats
Reddit
Sign in to upload your games and track your stats! →
Sign in with Steam
Match 47262671
Unlisted
Match 47262671
Overview
Messages
Build Orders
End
Scout Squad
Construct Weapon Support Center
M1919 Machine Gun Team
M1919 Machine Gun Team
Selects Heavy Weapons
Bazooka Squad
Infantry Support Center
M3 Armored Personnel Carrier
Selects Assault Carriers
M3 Assault Carrier
M1919 Machine Gun Team
Selects M2HB .50cal Heavy Machine Gun
Construct Medical Station
Construct Barracks
Selects Exchangeable Parts
Riflemen Squad
Riflemen Squad
Friend Simulator
Corrupted Sun
Miles '+'
OTTOMANEMPEROR
0
0
Comments
sign in to comment!
No comments posted yet!